 Dungeon Crawl Stone Soup version 0.29.1-12-g30fa7ad0bf (webtiles) character file.

Game seed: 9556563495432744797

16478 Eitelfritz the Fencer (level 12, -4/110 HPs)
             Began as a Minotaur Gladiator on Jan 1, 2023.
             Was a High Priest of Okawaru.
             Slain by a harpy simulacrum (12 damage)
             ... in a Gauntlet.
             The game lasted 00:37:42 (15552 turns).

Eitelfritz the Fencer (Minotaur Gladiator)         Turns: 15552, Time: 00:37:42

Health: -4/110     AC: 15    Str: 21    XL:     12   Next: 10%
Magic:  0/11       EV: 16    Int:  7    God:    Okawaru [*****.]
Gold:   487        SH:  0    Dex: 13    Spells: 11/11 levels left

rFire   + . .      SeeInvis .   a - +5 great sword (freeze)
rCold   . . .      Faith    .   (shield currently unavailable)
rNeg    + . .      Spirit   +   E - +0 swamp dragon scales
rPois   +          Reflect  .   c - +2 hat
rElec   .          Harm     .   I - +0 cloak of Aliori {rF+ rN+}
rCorr   .          Rampage  .   w - +0 pair of gloves
Will    .....      NoTele   +   t - +0 pair of boots
Stlth   +++.......              h - amulet of guardian spirit
HPRegen 0.28/turn               (no ring)
MPRegen 0.12/turn               (no ring)

@: heroic, studying Unarmed Combat
A: horns 2, retaliatory headbutt, deformed body
a: Renounce Religion, Heroism, Finesse, Duel


You were in a Gauntlet.
You worshipped Okawaru.
Okawaru was extremely pleased with you.
You visited 2 branches of the dungeon, and saw 12 of its levels.
You also visited: Ossuary and Gauntlet.

You collected 824 gold pieces.
You spent 337 gold pieces at shops.

Inventory:

Hand Weapons
 a - a +5 great sword of freezing (weapon)
 b - a +0 shortbow
 K - a +4 flail of freezing
 P - a +1 scimitar
Missiles
 d - 2 throwing nets (quivered)
 n - 78 stones
 y - 4 javelins
 O - 7 boomerangs
Armour
 c - a +2 hat (worn)
 t - a +0 pair of boots (worn)
 w - a +0 pair of gloves (worn)
 E - +0 swamp dragon scales (worn)
 I - the +0 cloak of Aliori (worn) {rF+ rN+}
   (You bought it in a shop on level 3 of the Dungeon)

   rF:        It protects you from fire.
   rN:        It protects you from negative energy.
 R - a +0 troll leather armour
Jewellery
 h - an amulet of guardian spirit (around neck)
 j - an amulet of reflection
 B - a ring of wizardry
 H - an amulet of the acrobat
 M - a +6 ring of intelligence
 S - a ring of magical power
Wands
 e - a wand of paralysis (1)
 i - a wand of polymorph (1)
 s - a wand of digging (9)
 x - a wand of flame (25)
 D - a wand of acid (3)
 Q - a wand of roots (3)
Scrolls
 u - a scroll of blinking
 C - a scroll of silence
 F - a scroll of poison
 G - 4 scrolls of fog
 J - 3 scrolls of teleportation
 L - a scroll of fear
Potions
 f - 2 potions of resistance
 g - 2 potions of haste
 l - 3 potions of invisibility
 m - 2 potions of attraction
 o - 2 potions of brilliance
 p - a potion of might {unknown}
 q - 4 potions of mutation
 r - 3 potions of lignification
 v - 6 potions of curing
 z - 2 potions of flight {unknown}
 A - 3 potions of magic {unknown}
 N - a potion of ambrosia {unknown}


   Skills:
 + Level 11.3(16.3) Fighting
 + Level 16.4(21.4) Long Blades
 + Level 2.3(7.3) Ranged Weapons
 + Level 3.1(8.1) Throwing
 + Level 9.6(14.6) Armour
 + Level 7.6(12.6) Dodging
 + Level 2.1(7.1) Stealth
 + Level 0.1 Invocations
 + Level 1.5 Evocations


You had 11 spell levels left.
You didn't know any spells.
Your spell library contained the following spells:

 Spells                   Type           Power      Damage    Failure   Level
 Apportation              Tloc           0%         N/A       54%         1
 Beastly Appendage        Tmut           0%         N/A       54%         1
 Foxfire                  Conj/Fire      0%         2x1d4     54%         1
 Magic Dart               Conj           0%         1d3       54%         1
 Necrotise                Necr           0%         1d4       54%         1
 Sublimation of Blood     Necr           0%         N/A       69%         2
 Wereblood                Tmut           0%         N/A       69%         2
 Conjure Flame            Conj/Fire      0%         6-21      89%         3
 Inner Flame              Hex/Fire       0%         N/A       89%         3
 Mephitic Cloud           Conj/Pois/Air  0%         N/A       89%         3
 Portal Projectile        Hex/Tloc       0%         N/A       89%         3
 Spider Form              Tmut/Pois      0%         N/A       89%         3
 Flame Wave               Conj/Fire      0%         2d4       100%        4
 Leda's Liquefaction      Hex/Erth       0%         N/A       100%        4
 Petrify                  Tmut/Erth      0%         N/A       100%        4
 Irradiate                Conj/Tmut      0%         3d11      100%        5
 Summon Small Mammal      Summ           Unusable   N/A       N/A         1
 Call Imp                 Summ           Unusable   N/A       N/A         2
 Call Canine Familiar     Summ           Unusable   N/A       N/A         3

Dungeon Overview and Level Annotations

Branches:
Dungeon (11/15)            Temple (1/1) D:4            Lair (0/5) D:10
    Orc (0/2) D:10        Ossuary (visited)         Gauntlet (1/1)

Altars:
Ashenzari
Cheibriados
Dithmenos
Elyvilon
Fedhas
Gozag
Hepliaklqana
Kikubaaqudgha
Makhleb
Nemelex Xobeh
Okawaru
Qazlal
Ru
Sif Muna
Trog
Uskayaw
Vehumet
Wu Jian
Xom
Yredelemnul
Zin
The Shining One

Shops:
D:1 :*   D:3 [   D:9 *

Annotations:
D:8 2 runed translucent doors, NoKap's ghost, novice DEFE
D:9 1 runed translucent door, Engie's ghost, novice DEIE Gauntlet 7 transporters, 2 runed translucent doors


Innate Abilities, Weirdness & Mutations

You have a pair of horns on your head.
You reflexively headbutt those who attack you in melee.
Armour fits poorly on your strangely shaped body.


Message History

The centaur warrior simulacrum barely misses you.
You slice the centaur warrior simulacrum!!
The centaur warrior simulacrum is severely damaged.
The harpy simulacrum barely misses you. You furiously retaliate!
You headbutt the harpy simulacrum. The harpy simulacrum misses you.
The harpy simulacrum completely misses you.
The harpy simulacrum claws you. The harpy simulacrum freezes you!
The centaur warrior simulacrum misses you.
You furiously retaliate!
You headbutt the centaur warrior simulacrum!
The centaur warrior simulacrum kicks you but does no damage.
You gain the combat prowess of a mighty hero.
The harpy simulacrum claws you but does no damage.
The harpy simulacrum claws you! The harpy simulacrum freezes you!
The harpy simulacrum claws you but does no damage.
The harpy simulacrum barely misses you.
The centaur warrior simulacrum hits you!
The centaur warrior simulacrum freezes you!
The centaur warrior simulacrum kicks you.
The centaur warrior simulacrum freezes you!
The harpy simulacrum misses you. You furiously retaliate!
You headbutt the harpy simulacrum! The harpy simulacrum claws you!
* * * LOW HITPOINT WARNING * * *
The harpy simulacrum freezes you!
* * * LOW HITPOINT WARNING * * *
You slice the centaur warrior simulacrum!!
The centaur warrior simulacrum vaporises!
Okawaru accepts your kill.
The harpy simulacrum claws you but does no damage.
The harpy simulacrum claws you.
* * * LOW HITPOINT WARNING * * *
The harpy simulacrum freezes you!
* * * LOW HITPOINT WARNING * * *
Unknown command.
It was a potion of curing.
You feel better.
The harpy simulacrum claws you but does no damage.
The harpy simulacrum barely misses you. x2; The harpy simulacrum claws you.
* * * LOW HITPOINT WARNING * * *
The harpy simulacrum freezes you!
You die...

#.###################.##
≈....#©.........©#....≈##
≈..8.#.8.8.8.8.8.#.8..≈≈#
≈....#©.........©#....≈##
#.#########.#########.##
≈.#...BZ.B#.#.#.....#.≈##
≈.#..####Z#.#.#.Z##.#.≈≈#
≈.#.#....Z#.#..##Z.##.≈##
#.#.#.©#######.Z@..##.##
≈.#.#.#?..#.##..##..#.≈##
≈.#.#.#[[##.#.##[?#.#.≈≈#
≈.#ZZB#.#©#.#...©"#.#.≈##
#.#########.#########.##
≈.....................≈#
≈≈#≈≈≈#..∩.8.∩..#≈≈≈#≈≈≈#
≈###≈###.......###≈###≈##
# ### ######### ### ##


You could see a spectral six-headed hydra, a spectral boulder beetle, a death
scarab, a harpy simulacrum, a boggart simulacrum and a centaur warrior
simulacrum.

Vanquished Creatures
  4 two-headed ogres
  2 ugly things
  Maggie (D:7)
  A komodo dragon (D:10)
  A kobold demonologist (D:9)
  The ghost of jaiteiro the Ruffian, an amateur TrFi (D:4)
  5 trolls
  A raiju (Gauntlet)
  A centaur simulacrum (Gauntlet)
  A shadow (D:9)
  4 basilisks (D:10)
  13 yaks
  2 chaos spawn (Gauntlet)
  3 wraiths
  8 humans (D:10)
  A neqoxec (Gauntlet)
  2 steam dragons
  A warg (D:9)
  Edmund (D:4)
  A water moccasin (D:7)
  An acid dragon (D:10)
  4 orc warriors
  An ice beast (D:7)
  3 black bears
  2 sky beasts
  2 ogres
  2 centaurs
  4 phantoms
  3 kobold brigands
  4 bullfrogs
  3 scorpions
  2 elf skeletons (D:4)
  16 wights
  12 killer bees
  13 howler monkeys
  6 electric eels
  7 hounds
  2 jellies
  3 gnoll boudas
  10 orc priests
  Crazy Yiuf (D:5)
  Terence (D:3)
  Ijyb (D:10)
  2 human skeletons (D:4)
  3 iguanas
  9 orc wizards
  Robin (D:3)
  13 gnolls
  8 adders
  A white imp (D:7)
  An adder zombie (Ossuary)
  4 dart slugs
  34 orcs
  3 endoplasms
  4 giant cockroaches
  12 goblins
  9 hobgoblins
  6 jackals
  20 kobolds
  6 quokkas
  7 ball pythons
  2 ball python skeletons (Ossuary)
  6 bats
  2 frilled lizards
  3 hobgoblin skeletons (Ossuary)
  A kobold zombie (Ossuary)
  3 orc skeletons
  An orc zombie (D:4)
  9 rats
327 creatures vanquished.

Vanquished Creatures (others)
  6 plants
6 creatures vanquished.

Grand Total: 333 creatures vanquished

Notes
Turn   | Place    | Note
-------+----------+-------------------------------------------
     0 | D:1      | Eitelfritz the Minotaur Gladiator began the quest for the
                  | Orb.
     0 | D:1      | Reached XP level 1. HP: 18/18 MP: 0/0
   112 | D:1      | Found Plog's Book Shoppe.
   117 | D:1      | Reached XP level 2. HP: 25/25 MP: 1/1
   120 | D:1      | Reached skill level 4 in Long Blades
   330 | D:1      | Found a faded altar of an unknown god.
   517 | D:1      | Found Niveph's General Store.
   522 | D:1      | Bought a scroll of identify for 20 gold pieces
   782 | D:1      | Reached XP level 3. HP: 25/30 MP: 2/2
  1489 | D:2      | Reached XP level 4. HP: 38/38 MP: 3/3
  1799 | D:3      | Reached skill level 5 in Long Blades
  1878 | D:3      | Found Peanlof's Armour Shoppe.
  1892 | D:3      | Reached skill level 1 in Armour
  2004 | D:3      | Noticed Terence
  2019 | D:3      | Killed Terence
  2147 | D:3      | Noticed Robin
  2186 | D:3      | Killed Robin
  2193 | D:3      | Reached XP level 5. HP: 39/45 MP: 4/4
  2723 | D:4      | Found a staircase to the Ecumenical Temple.
  2815 | D:4      | Found a runed translucent gate.
  2816 | D:4      | Found a runed translucent gate.
  2816 | D:4      | Noticed jaiteiro's ghost (amateur TrFi)
  2817 | D:4      | Found a runed translucent gate.
  2819 | D:4      | Noticed a phantom
  2852 | D:4      | Killed a phantom
  2853 | D:4      | Reached skill level 6 in Long Blades
  2853 | D:4      | Reached XP level 6. HP: 49/51 MP: 5/5
  2948 | D:4      | Reached skill level 7 in Long Blades
  2958 | D:4      | Found a sand-covered staircase.
  3021 | Ossuary  | Entered an ossuary
  3243 | Ossuary  | Noticed a wraith
  3243 | Ossuary  | Noticed a flying skull
  3250 | Ossuary  | Noticed a flying skull
  3256 | Ossuary  | Noticed a flying skull
  3287 | Ossuary  | Noticed a wraith
  3297 | Ossuary  | Killed a wraith
  3298 | Ossuary  | Reached XP level 7. HP: 31/59 MP: 4/6
  3431 | Ossuary  | Noticed a flying skull
  3505 | Ossuary  | Reached skill level 8 in Long Blades
  3642 | Ossuary  | Noticed a wraith
  3648 | Ossuary  | Killed a wraith
  3649 | Ossuary  | Reached skill level 5 in Armour
  3856 | D:4      | Noticed Edmund
  3869 | D:4      | Killed Edmund
  3870 | D:4      | Reached XP level 8. HP: 20/67 MP: 2/7
  4351 | D:4      | Reached skill level 5 in Fighting
  4351 | D:4      | Reached skill level 9 in Long Blades
  4759 | Temple   | Entered the Ecumenical Temple
  4917 | Temple   | Became a worshipper of Warmaster Okawaru
  5008 | D:5      | Entered Level 5 of the Dungeon
  5240 | D:5      | Reached skill level 10 in Long Blades
  5387 | D:5      | Found a runed translucent door.
  5388 | D:5      | Noticed Crazy Yiuf
  6015 | D:5      | Reached * piety under Okawaru
  6016 | D:5      | Reached XP level 9. HP: 75/75 MP: 8/8
  6105 | D:5      | Killed Crazy Yiuf
  6445 | D:3      | Bought the +0 cloak of Aliori {rF+ rN+} for 317 gold pieces
  6549 | D:4      | Killed jaiteiro's ghost
  6550 | D:4      | Reached skill level 11 in Long Blades
  7749 | D:6      | Reached skill level 1 in Evocations
  8237 | D:7      | Reached skill level 5 in Dodging
  8545 | D:7      | Found a burning altar of Makhleb.
  8545 | D:7      | Found an ancient bone altar of Kikubaaqudgha.
  8773 | D:7      | Reached ** piety under Okawaru
  8960 | D:7      | Reached skill level 12 in Long Blades
  9133 | D:7      | Noticed Maggie
  9137 | D:7      | Paralysed by Maggie for 3 turns
  9151 | D:7      | Paralysed by Maggie for 3 turns
  9156 | D:7      | Killed Maggie
  9342 | D:7      | Found a hide-covered altar of Uskayaw.
  9342 | D:7      | Found a bloodstained altar of Trog.
  9354 | D:7      | Reached XP level 10. HP: 81/88 MP: 9/9
  9385 | D:7      | Found a faded altar of an unknown god.
  9387 | D:7      | Found a white marble altar of Elyvilon.
  9389 | D:7      | Found a broken altar of Ashenzari.
  9505 | D:7      | Found a shimmering blue altar of Sif Muna.
  9696 | D:8      | Reached *** piety under Okawaru
  9764 | D:8      | Reached skill level 1 in Stealth
 10013 | D:8      | Received a gift from Okawaru
 10033 | D:8      | Found a large runed translucent door.
 10034 | D:8      | Found a large runed translucent door.
 10044 | D:8      | Noticed NoKap's ghost (novice DEFE)
 10045 | D:8      | Noticed a red ugly thing
 10053 | D:8      | Killed a red ugly thing
 10054 | D:8      | Reached skill level 13 in Long Blades
 10991 | D:8      | Found a glowing golden altar of the Shining One.
 11156 | D:9      | Found a runed translucent door.
 11352 | D:9      | Reached **** piety under Okawaru
 11519 | D:9      | Found Witudd's Gadget Gallery.
 11737 | D:9      | Reached skill level 14 in Long Blades
 12052 | D:9      | Reached ***** piety under Okawaru
 12053 | D:9      | Reached skill level 1 in Ranged Weapons
 12118 | D:9      | Noticed Engie's ghost (novice DEIE)
 12551 | D:10     | Entered Level 10 of the Dungeon
 12551 | D:10     | Found a staircase to the Orcish Mines.
 12578 | D:9      | Reached XP level 11. HP: 46/95 MP: 2/10
 12861 | D:10     | Noticed a two-headed ogre
 12868 | D:10     | Killed a two-headed ogre
 12868 | D:10     | Identified the +4 ring mail of Okawaru's Condemnation {rF-
                  | rC+ Dex+6} (Okawaru gifted it to you on level 10 of the
                  | Dungeon)
 12868 | D:10     | Received a gift from Okawaru
 12991 | D:10     | Noticed a two-headed ogre
 13080 | D:10     | Killed a two-headed ogre
 13105 | D:10     | Noticed a two-headed ogre
 13116 | D:10     | Killed a two-headed ogre
 13397 | D:10     | Reached skill level 15 in Long Blades
 13509 | D:10     | Reached skill level 10 in Fighting
 13519 | D:10     | HP: 4/99 [basilisk (1)]
 13519 | D:10     | HP: 1/99 [komodo dragon (3)]
 13529 | D:10     | HP: 3/99 [komodo dragon (3)]
 13895 | D:10     | Found a staircase to the Lair.
 14061 | D:10     | Noticed Ijyb
 14080 | D:10     | Killed Ijyb
 14740 | D:11     | Reached skill level 16 in Long Blades
 14773 | D:11     | Noticed a two-headed ogre
 14779 | D:11     | Killed a two-headed ogre
 14834 | D:11     | Found a gate leading to a gauntlet.
 14834 | D:11     | Noticed a green ugly thing
 14843 | D:11     | Killed a green ugly thing
 14844 | D:11     | Reached XP level 12. HP: 46/110 MP: 9/11
 14847 | Gauntlet | Entered a Gauntlet
 14847 | Gauntlet | Found a transporter.
 14847 | Gauntlet | Found a transporter.
 14847 | Gauntlet | Found a runed translucent door.
 14847 | Gauntlet | Found a runed translucent door.
 15086 | Gauntlet | Found a runed translucent door.
 15089 | Gauntlet | Found a transporter.
 15091 | Gauntlet | Found a transporter.
 15099 | Gauntlet | Found a transporter.
 15103 | Gauntlet | Found a transporter.
 15105 | Gauntlet | Noticed a death scarab
 15108 | Gauntlet | Noticed a death scarab
 15120 | Gauntlet | Found a transporter.
 15128 | Gauntlet | Found a transporter.
 15144 | Gauntlet | Found a transporter.
 15147 | Gauntlet | Found a transporter.
 15155 | Gauntlet | Found a transporter.
 15159 | Gauntlet | Found a transporter.
 15222 | Gauntlet | Received a gift from Okawaru
 15281 | Gauntlet | Gained mutation: Armour fits poorly on your strangely
                  | shaped body. [a neqoxec]
 15551 | Gauntlet | HP: 2/110 [harpy simulacrum (14)]
 15552 | Gauntlet | Slain by a harpy simulacrum

Illustrated notes

Levels and vault maps discovered:
D:1:      dpeg_arrival_chambers_temple_mockup, layout_loops_ring, serial_shops,
          shop, shop, dreamdust_ecumenical_altar_grove, chequers_avenue
D:2:      layout_rooms, grunt_ministairs_2, st_stairs_10
D:3:      layout_basic, serial_shops,
          nicolae_shop_temple_entry_statues_fountains, uniq_terence, uniq_robin
D:4:      layout_loops_ring, minmay_temple_entry_overgrown,
          gammafunk_ghost_nasty_kobolds, nicolae_ossuary_entry_catacombs,
          minmay_misc_feat_chi, minmay_misc_feat_doors, grunt_ministairs_14,
          minmay_manual_macuahuitl, uniq_edmund
D:5:      layout_basic, uniq_crazy_yiuf_cottage
D:6:      layout_basic, serial_bayou, serial_bayou_lagoon_a,
          serial_bayou_crossing, serial_bayou_pond_e, serial_bayou_lagoon_b
D:7:      layout_loops_corners, chequers_temple_overflow_minitemple,
          jmf_multi_god_temple, led_sif_book, nicolae_fountain_basement,
          uniq_maggie
D:8:      layout_cave_pools, nicolae_tso_swordbearing_angel,
          ebering_ghost_disaster_area, grunt_ministairs_4, minivault_14
D:9:      layout_stronghold, hellmonk_ghost_happy_afterlife,
          nicolae_shop_gadgets
D:10:     erik_cavepeople, layout_basic, erik_lair_dragon, david_orc_3
D:11:     layout_loops_ring, gauntlet_entry_generic, minivault_21, minivault_23,
          uniq_nergalle
Temple:   eino_narrow_crystal_temple
Gauntlet: minmay_gauntlet_77_indecision [minmay_gauntlet_arena_77_shame_cube,
          minmay_gauntlet_arena_77_path, minmay_gauntlet_arena_77_hold_the_fort,
          minmay_gauntlet_arena_77_fan, minmay_gauntlet_arena_77_squiggly,
          minmay_gauntlet_arena_77_radiant_squares,
          dreamdust_gauntlet_exit_labyrinth]

Skill      XL: |  1  2  3  4  5  6  7  8  9 10 11 |
---------------+----------------------------------+-----
Long Blades    | 4 5 6 7 8 10 12 14 16 | 16.4
Fighting       | 3 4 5 7 8 11 | 11.3
Armour         | 2 3 4 5 6 8 9 |  9.6
Dodging        | 4 5 6 7 |  7.6
Evocations     | 1 |  1.5
Stealth        | 1 2 |  2.1
Throwing       | 3 |  3.1
Ranged Weapons | 2 |  2.3
Invocations    | |  0.1

Action                   |  1- 3 |  4- 6 |  7- 9 | 10-12 || total
-------------------------+-------+-------+-------+-------++-------
Melee: Long sword        |    91 |   153 |     8 |       ||   252
       Headbutt          |    16 |    34 |    74 |    69 ||   193
       Punch             |     2 |     5 |     7 |       ||    14
       Scimitar          |       |       |   377 |   121 ||   498
       Great sword       |       |       |       |   273 ||   273
 Fire: Shortbow          |       |       |       |    18 ||    18
Throw: Stone             |       |       |     5 |    22 ||    27
       Throwing net      |       |       |     2 |     2 ||     4
       Javelin           |       |       |     1 |     1 ||     2
Invok: Heroism           |       |       |     1 |     3 ||     4
Evoke: Wand              |       |       |    10 |     5 ||    15
  Use: Scroll            |     1 |     9 |     9 |     4 ||    23
       Potion            |       |       |     4 |     5 ||     9
Armor: Chain mail        |    78 |    90 |   150 |       ||   318
       Leather armour    |     1 |       |       |       ||     1
       Plate armour      |       |       |    26 |       ||    26
       Swamp dragon scal |       |       |     2 |   192 ||   194
Dodge: Dodged            |    59 |    36 |   154 |   275 ||   524
